 Dungeon Crawl Stone Soup version 0.30.1 (webtiles) character file.

Game seed: 5577545798048950044

7650 GimliDwarf the Prestidigitator (level 11, -1/121 HPs)
             Began as a Gnoll Wanderer on July 5, 2023.
             Was a Priest of Okawaru.
             Slain by an orc warlord
             ... wielding a +4 broad axe
              (17 damage)
             ... in a bailey.
             The game lasted 00:27:37 (11738 turns).

GimliDwarf the Prestidigitator (Gnoll Wanderer)    Turns: 11738, Time: 00:27:38

Health: -1/121     AC: 15    Str: 24    XL:     11   Next: 18%
Magic:  17/19      EV: 17    Int: 11    God:    Okawaru [***...]
Gold:   571        SH:  4    Dex: 16    Spells: 17/23 levels left

rFire   . . .        w - +4 dire flail (freeze)
rCold   . . .        (shield currently unavailable)
rNeg    . . .        c - +0 ring mail
rPois   .            (no helmet)
rElec   .            (no cloak)
rCorr   .            q - +2 pair of gloves
SInv    .            j - +2 pair of boots
Will    .....        (no amulet) Stlth
                     u - +6 ring of dexterity
HPRegen 0.40/turn    g - +6 ring of strength
MPRegen 0.16/turn

%: no passive effects
@: berserking, heroic, very quick
A: fangs 1, strong nose, distributed training, large bone plates 1, low MP 1,
MP-powered wands
a: Renounce Religion, Heroism


You were in a bailey.
You worshipped Okawaru.
Okawaru was most pleased with you.
You visited 2 branches of the dungeon, and saw 11 of its levels.
You also visited: Sewer and Bailey.

You collected 571 gold pieces.

Inventory:

Hand Weapons
 t - a +4 falchion of chaos
 w - a +4 dire flail of freezing (weapon)
Missiles
 h - 6 curare-tipped darts
 n - 2 silver javelins
 D - 21 boomerangs
 E - 2 atropa-tipped darts
Armour
 c - a +0 ring mail (worn)
 j - a +2 pair of boots (worn)
 q - a +2 pair of gloves (worn)
 F - a +0 kite shield
Jewellery
 g - a +6 ring of strength (right hand)
 r - a ring of wizardry
 u - a +6 ring of dexterity (left hand)
Wands
 e - a wand of flame (22) (quivered)
 m - a wand of polymorph (8)
 C - a wand of roots (3)
Scrolls
 d - 5 scrolls of blinking
 f - 3 scrolls of amnesia
 i - 2 scrolls of enchant armour
 k - 3 scrolls of fog
 p - 3 scrolls of fear
 x - 5 scrolls of teleportation
 y - 2 scrolls of silence
Potions
 b - 4 potions of lignification
 o - 5 potions of resistance
 s - 2 potions of flight
 v - 2 potions of haste
 z - a potion of mutation
 A - 3 potions of magic
 B - a potion of brilliance
 G - 2 potions of invisibility {unknown}
 H - a potion of might {unknown}


   Skills:
 + Level 6.2(11.2) Fighting
 + Level 6.2(11.2) Short Blades
 + Level 6.2(11.2) Long Blades
 + Level 6.2(11.2) Axes
 + Level 6.2(11.2) Maces & Flails
 + Level 6.2(11.2) Polearms
 + Level 6.2(11.2) Staves
 + Level 6.2(11.2) Ranged Weapons
 + Level 6.2(11.2) Throwing
 + Level 7.8(12.8) Armour
 + Level 6.8(11.8) Dodging
 + Level 6.2(11.2) Stealth
 + Level 6.2(11.2) Shields
 + Level 6.8(11.8) Unarmed Combat
 + Level 6.9 Spellcasting
 + Level 5.2 Conjurations
 + Level 5.2 Hexes
 + Level 5.2 Summonings
 + Level 5.2 Necromancy
 + Level 5.2 Translocations
 + Level 5.2 Transmutations
 + Level 5.2 Fire Magic
 + Level 5.2 Ice Magic
 + Level 5.2 Air Magic
 + Level 5.2 Earth Magic
 + Level 5.2 Poison Magic
 + Level 7.4 Invocations
 + Level 10.6 Evocations


You had 17 spell levels left.
You knew the following spells:

 Your Spells              Type           Power      Damage    Failure   Level
a - Ozocubu's Armour      Ice            15%        N/A       9%          3
b - Frozen Ramparts       Ice            30%        1d5       9%          3

Your spell library contained the following spells:

 Spells                   Type           Power      Damage    Failure   Level
 Hailstorm                Conj/Ice       15%        3d5       9%          3
 Polar Vortex             Ice            7%         N/A       100%        9


Dungeon Overview and Level Annotations

Branches:
Dungeon (10/15)            Temple (1/1) D:7           Sewer (visited)
 Bailey (1/1)
   Lair: D:8-11         Orc: D:9-12

Altars:
Ashenzari
Cheibriados
Dithmenos
Elyvilon
Fedhas
Gozag
Hepliaklqana
Kikubaaqudgha
Makhleb
Nemelex Xobeh
Okawaru
Ru
Sif Muna
Trog
Uskayaw
Vehumet
Wu Jian
Xom
Yredelemnul
Zin
The Shining One

Shops:
D:2 [   D:6 :


Innate Abilities, Weirdness & Mutations

You have very sharp teeth.
Your uncanny sense of smell can sniff out nearby items.
Your experience applies equally to all skills.
You are partially covered in large bone plates. (SH +4)
Your magical capacity is low. (-10% MP)
You expend magic power (3 MP) to strengthen your wands.


Message History

You hit the orc warlord but do no damage.
The orc warlord is almost dead.
The orc warlord splashes around in the water.
You closely miss the orc warlord.
The orc warlord is almost dead.
The orc warlord hits you with a +4 broad axe.
You barely miss the orc warlord.
The orc warlord is almost dead.
The orc warlord splashes around in the water.
You hit the orc warlord but do no damage.
The orc warlord is almost dead.
The orc warlord closely misses you.
You barely miss the orc warlord.
You bite the orc warlord, but do no damage.
The orc warlord is almost dead.
The orc warlord hits you with a +4 broad axe!!
You gain the combat prowess of a mighty hero.
The orc warlord hits you with a +4 broad axe.
You puncture the orc warlord! You freeze the orc warlord.
The orc warlord is almost dead.
You hit the orc warlord but do no damage.
The orc warlord is almost dead.
The orc warlord splashes around in the water.
You closely miss the orc warlord.
The orc warlord is almost dead.
The orc warlord hits you with a +4 broad axe!!
* * * LOW HITPOINT WARNING * * *
You feel much better.
The orc warlord hits you with a +4 broad axe!!
A red film seems to cover your vision as you go berserk!
You feel yourself moving faster!
You feel mighty!
The orc warlord hits you with a +4 broad axe!!
* * * LOW HITPOINT WARNING * * *
You hit the orc warlord. You freeze the orc warlord.
The orc warlord is almost dead.
You barely miss the orc warlord.
You bite the orc warlord, but do no damage.
The orc warlord is almost dead.
The orc warlord hits you with a +4 broad axe!
You die...

##### ##### ##...## ##...##
##.....## ##.....##
##.......#######.......##
##..8..8...........8..8..##
#.........................#
#.........................#
#...8......#'@)#......8...#
##......####o~~####.)÷...##
♣##...).#~~~~~~~~~#.....##♣
♣.##....#~.8...8.~#....##.♣
♣♣..###'###.......###'###..♣♣
♣...~~~.#~~.8...8.~~#.~~~...♣
♣♣...~~~.#~.........~#.~~~...♣♣
♣∩...~~~.#~....∩....~#.~~~...∩♣
♣♣...~~~.##.........##.~~~...♣♣


You could see an orc warlord.

Vanquished Creatures
  A two-headed ogre (D:9)
  An unseen horror (D:9)
  A wind drake (shapeshifter) (D:9)
  A shadow (D:9)
  12 yaks
  A steam dragon (D:6)
  4 water moccasins
  4 orc warriors
  3 ice beasts
  2 sky beasts
  3 black bears
  An ogre (D:7)
  6 centaurs
  5 kobold brigands
  5 bullfrogs
  2 scorpions
  13 wights
  5 howler monkeys (D:9)
  3 hounds
  4 orc priests
  2 gnoll boudas
  2 jellies
  An iguana (D:7)
  4 orc wizards
  9 gnolls
  7 adders
  4 river rats (Sewer)
  3 white imps
  An ufetubus (D:6)
  A worm (D:3)
  2 dart slugs
  31 orcs
  A bat zombie (D:5)
  7 endoplasms
  5 giant cockroaches
  8 goblins
  16 hobgoblins
  4 jackals (D:1)
  40 kobolds
  2 quokkas
  10 ball pythons
  4 bats
  12 frilled lizards
  11 rats
  A rat zombie (D:5)
265 creatures vanquished.

Vanquished Creatures (others)
  An orc priest (D:9)
  An orc wizard (D:9)
2 creatures vanquished.

Grand Total: 267 creatures vanquished

Notes
Turn   | Place    | Note
-------+----------+-------------------------------------------
     0 | D:1      | GimliDwarf the Gnoll Wanderer began the quest for the Orb.
     0 | D:1      | GimliDwarf set off with the following items: a +0 club, a
                  | potion of lignification, a +0 ring mail, a scroll of
                  | blinking, a wand of flame (23).
     0 | D:1      | Reached XP level 1. HP: 13/13 MP: 4/4
   162 | D:1      | Reached XP level 2. HP: 19/19 MP: 5/5
   556 | D:1      | Reached XP level 3. HP: 25/25 MP: 7/7
   971 | D:2      | Found Napymer's Armour Shoppe.
  1049 | D:2      | Reached skill level 1 in Fighting
  1049 | D:2      | Reached skill level 1 in Short Blades
  1049 | D:2      | Reached skill level 1 in Long Blades
  1049 | D:2      | Reached skill level 1 in Axes
  1049 | D:2      | Reached skill level 1 in Maces & Flails
  1049 | D:2      | Reached skill level 1 in Polearms
  1049 | D:2      | Reached skill level 1 in Staves
  1049 | D:2      | Reached skill level 1 in Ranged Weapons
  1049 | D:2      | Reached skill level 1 in Throwing
  1049 | D:2      | Reached skill level 1 in Stealth
  1049 | D:2      | Reached skill level 1 in Shields
  1229 | D:2      | You fall into a shaft and drop 1 floor!
  1229 | D:3      | Found a glowing drain.
  1270 | D:3      | Reached XP level 4. HP: 32/32 MP: 8/8
  1313 | Sewer    | Entered a sewer
  1461 | Sewer    | Reached skill level 1 in Conjurations
  1461 | Sewer    | Reached skill level 1 in Hexes
  1461 | Sewer    | Reached skill level 1 in Summonings
  1461 | Sewer    | Reached skill level 1 in Necromancy
  1461 | Sewer    | Reached skill level 1 in Translocations
  1461 | Sewer    | Reached skill level 1 in Transmutations
  1461 | Sewer    | Reached skill level 1 in Fire Magic
  1461 | Sewer    | Reached skill level 1 in Ice Magic
  1461 | Sewer    | Reached skill level 1 in Air Magic
  1461 | Sewer    | Reached skill level 1 in Earth Magic
  1461 | Sewer    | Reached skill level 1 in Poison Magic
  1721 | Sewer    | Reached XP level 5. HP: 37/37 MP: 9/9
  1989 | D:2      | Found a shimmering altar of Xom.
  2661 | D:4      | Found a radiant altar of Vehumet.
  2862 | D:4      | Noticed a centaur
  2879 | D:4      | Killed a centaur
  2880 | D:4      | Reached skill level 5 in Armour
  2880 | D:4      | Reached XP level 6. HP: 21/44 MP: 11/11
  2978 | D:4      | Found a basalt altar of Yredelemnul.
  3784 | D:4      | Identified a scroll of acquirement
  3784 | D:4      | Acquired a +6 ring of strength
  3791 | D:5      | Entered Level 5 of the Dungeon
  3795 | D:5      | Noticed an ice beast
  3940 | D:5      | Killed an ice beast
  3941 | D:5      | Reached XP level 7. HP: 49/51 MP: 12/12
  4236 | D:5      | Found an ancient bone altar of Kikubaaqudgha.
  4276 | D:5      | Reached skill level 9 in Evocations
  4292 | D:5      | Found a sacrificial altar of Ru.
  4369 | D:5      | Found an ornate altar of the Wu Jian Council.
  4560 | D:6      | Found Aczoul's Self-Improvement Boutique.
  4665 | D:6      | Reached XP level 8. HP: 19/58 MP: 14/14
  5870 | D:6      | Reached skill level 5 in Invocations
  5908 | D:6      | Reached XP level 9. HP: 51/65 MP: 16/16
  5922 | D:6      | Reached skill level 5 in Spellcasting
  6181 | D:6      | Reached skill level 5 in Dodging
  6181 | D:6      | Reached skill level 5 in Unarmed Combat
  6738 | D:7      | Gained mutation: You occasionally lose the ability to read
                  | scrolls when taking damage. [potion of mutation]
  6738 | D:7      | Gained mutation: You have a pair of small antennae on your
                  | head. [potion of mutation]
  6739 | D:7      | Lost mutation: You occasionally lose the ability to read
                  | scrolls when taking damage. [potion of mutation]
  6739 | D:7      | Lost mutation: You have a pair of small antennae on your
                  | head. [potion of mutation]
  6739 | D:7      | Gained mutation: Your magical capacity is low. (-10% MP)
                  | [potion of mutation]
  6739 | D:7      | Gained mutation: You expend magic power (3 MP) to
                  | strengthen your wands. [potion of mutation]
  6739 | D:7      | Gained mutation: You are partially covered in large bone
                  | plates. (SH +4) [potion of mutation]
  7151 | D:7      | Got the Quarto of the Deep Freeze
  8064 | D:7      | Found an opulent altar of Gozag.
  8095 | D:7      | Reached skill level 5 in Fighting
  8095 | D:7      | Reached skill level 5 in Short Blades
  8095 | D:7      | Reached skill level 5 in Long Blades
  8095 | D:7      | Reached skill level 5 in Axes
  8095 | D:7      | Reached skill level 5 in Maces & Flails
  8095 | D:7      | Reached skill level 5 in Polearms
  8095 | D:7      | Reached skill level 5 in Staves
  8095 | D:7      | Reached skill level 5 in Ranged Weapons
  8095 | D:7      | Reached skill level 5 in Throwing
  8095 | D:7      | Reached skill level 5 in Stealth
  8095 | D:7      | Reached skill level 5 in Shields
  8132 | D:7      | Reached XP level 10. HP: 74/74 MP: 16/16
  8186 | D:7      | Found a staircase to the Ecumenical Temple.
  8234 | Temple   | Entered the Ecumenical Temple
  8490 | Temple   | Became a worshipper of Warmaster Okawaru
  8677 | D:7      | Reached skill level 10 in Evocations
  9132 | D:8      | Reached * piety under Okawaru
  9454 | D:8      | Found a shimmering altar of Xom.
  9632 | D:9      | HP: 5/111 [rock wall collision (6)]
  9963 | D:9      | Found a white marble altar of Elyvilon.
 10147 | D:9      | Noticed a two-headed ogre
 10195 | D:9      | Killed a two-headed ogre
 10195 | D:9      | Reached ** piety under Okawaru
 10434 | D:9      | Reached *** piety under Okawaru
 10443 | D:9      | Killed an unseen horror
 10444 | D:9      | Reached skill level 5 in Conjurations
 10444 | D:9      | Reached skill level 5 in Hexes
 10444 | D:9      | Reached skill level 5 in Summonings
 10444 | D:9      | Reached skill level 5 in Necromancy
 10444 | D:9      | Reached skill level 5 in Translocations
 10444 | D:9      | Reached skill level 5 in Transmutations
 10444 | D:9      | Reached skill level 5 in Fire Magic
 10444 | D:9      | Reached skill level 5 in Ice Magic
 10444 | D:9      | Reached skill level 5 in Air Magic
 10444 | D:9      | Reached skill level 5 in Earth Magic
 10444 | D:9      | Reached skill level 5 in Poison Magic
 10445 | D:9      | Reached XP level 11. HP: 30/81 MP: 15/18
 11003 | D:10     | Entered Level 10 of the Dungeon
 11236 | D:10     | Found a flagged portal.
 11280 | D:10     | Noticed a six-headed hydra
 11286 | Bailey   | Entered a bailey
 11291 | Bailey   | Noticed an orc warlord
 11434 | Bailey   | Found a runed translucent gate.
 11434 | Bailey   | Found a runed translucent gate.
 11434 | Bailey   | Found a runed translucent gate.
 11706 | Bailey   | Learned a level 3 spell: Ozocubu's Armour
 11710 | Bailey   | Learned a level 3 spell: Frozen Ramparts
 11738 | Bailey   | Slain by an orc warlord

Illustrated notes

Levels and vault maps discovered:
D:1:      dpeg_arrival_leaves_temple_mockup, layout_rooms, minmay_quantized
D:2:      layout_loops_cross, serial_shops, nicolae_shop_peninsula, basic_altar,
          grunt_decor_cap, minmay_tromino_mix6
D:3:      layout_rooms, cheibrodos_sewer_entry_drain, serial_park_tiny_pond
D:4:      layout_basic, mainiacjoe_overflow_catwalk,
          mainiacjoe_overflow_cross_hatched, minmay_goblin_kobold_house
D:5:      layout_rooms, lemuel_zombie_altar_kikubaaqudgha,
          nicolae_ru_awakened_eye, lemuel_round_altar
D:6:      layout_basic, nicolae_shop_self_help
D:7:      layout_basic, nicolae_gozag_cash_rules_everything_around_me,
          minmay_temple_entry_purple_smoke
D:8:      layout_gridville, mainiacjoe_overflow_brackets
D:9:      layout_roguey, nicolae_elyvilon_temple_path, evilmike_butchery
D:10:     layout_loops_ring, nicolae_qazlal_eye_of_the_storm, serial_rivers,
          chequers_serial_rivers_large_a, chequers_serial_rivers_micro_a,
          chequers_serial_rivers_room_b, chequers_serial_rivers_small_b,
          enter_bailey_4, serial_bayou_pond_c
Temple:   compressed_dpeg_triangle_lava_temple
Bailey:   bailey_axe_bossmonster_kennysheep, bailey

Skill      XL: |  1  2  3  4  5  6  7  8  9 10 |
---------------+-------------------------------+-----
Fighting       | 1 2 3 5 6 |  6.2
Short Blades   | 1 2 3 5 6 |  6.2
Long Blades    | 1 2 3 5 6 |  6.2
Axes           | 1 2 3 5 6 |  6.2
Maces & Flails | 1 2 3 5 6 |  6.2
Polearms       | 1 2 3 5 6 |  6.2
Staves         | 1 2 3 5 6 |  6.2
Ranged Weapons | 1 2 3 5 6 |  6.2
Throwing       | 1 2 3 5 6 |  6.2
Stealth        | 1 2 3 5 6 |  6.2
Shields        | 1 2 3 5 6 |  6.2
Spellcasting   | 3 4 5 6 |  6.9
Conjurations   | 1 2 3 4 5 |  5.2
Hexes          | 1 2 3 4 5 |  5.2
Summonings     | 1 2 3 4 5 |  5.2
Necromancy     | 1 2 3 4 5 |  5.2
Translocations | 1 2 3 4 5 |  5.2
Transmutations | 1 2 3 4 5 |  5.2
Fire Magic     | 1 2 3 4 5 |  5.2
Ice Magic      | 1 2 3 4 5 |  5.2
Air Magic      | 1 2 3 4 5 |  5.2
Earth Magic    | 1 2 3 4 5 |  5.2
Poison Magic   | 1 2 3 4 5 |  5.2
Invocations    | 3 4 5 6 7 |  7.4
Dodging        | 3 4 5 6 |  6.8
Unarmed Combat | 3 4 5 6 |  6.8
Armour         | 5 6 7 |  7.8
Evocations     | 9 10 | 10.6

Action                     |  1- 3 |  4- 6 |  7- 9 | 10-12 || total
---------------------------+-------+-------+-------+-------++-------
  Melee: Club              |    15 |       |       |       ||    15
         Mace              |   140 |   239 |       |       ||   379
         Bite              |     7 |    25 |    46 |    37 ||   115
         Punch             |     5 |     2 |     9 |     3 ||    19
         Flail             |       |     2 |   297 |       ||   299
         Dire flail        |       |       |   100 |   212 ||   312
         Falchion          |       |       |       |   124 ||   124
 Invoke: Heroism           |       |       |       |     3 ||     3
  Evoke: Wand              |       |     5 |    19 |     2 ||    26
    Use: Scroll            |       |    18 |     4 |     7 ||    29
         Potion            |       |       |     5 |     4 ||     9
   Stab: Sleeping          |       |     2 |     2 |     3 ||     7
         Confused          |       |       |       |     1 ||     1
 Armour: Ring mail         |    89 |   113 |   153 |   143 ||   498
  Dodge: Dodged            |   111 |   207 |   274 |   241 ||   833
  Block: Other             |       |       |    23 |    75 ||    98
         Kite shield       |       |       |       |     8 ||     8
